 Dungeon Crawl Stone Soup version 0.26.0-15-gc6cd9f7 (webtiles) character file.

Game seed: 10494879784438814241

963 jimeh the Changer (level 7, 0/55 HPs)
             Began as a Demonspawn Abyssal Knight on Jan 24, 2021.
             Was a Priest of Lugonu.
             Slain by a water moccasin (7 damage)
             ... on level 6 of the Dungeon.
             The game lasted 00:14:42 (6068 turns).

jimeh the Changer (Demonspawn Abyssal Knight)       Turns: 6068, Time: 00:14:43

Health: 0/55       AC:  6    Str: 12    XL:     7   Next: 92%
Magic:  6/8        EV: 12    Int: 15    God:    Lugonu [***...]
Gold:   261        SH:  0    Dex: 13    Spells: 3/6 levels left

rFire    + . .     SeeInvis .   n - +0 trident
rCold    . . .     Faith    .   (no shield)
rNeg     . . .     Spirit   .   b - +0 leather armour
rPois    .         Reflect  .   (helmet currently unavailable)
rElec    .         Harm     .   (no cloak)
rCorr    .         Rampage  .   h - +0 pair of gloves
Will     .....                  (boots currently unavailable)
Stlth    +.........             (no amulet)
HPRegen  0.18/turn              (no ring)
MPRegen  0.11/turn              (no ring)

@: lethally poisoned (0 -> -32), appendages
A: horns 2, talons 2, yellow scales 1, fire resistance 1
a: End Transformation, Renounce Religion, Depart the Abyss, Bend Space, Banish


You were on level 6 of the Dungeon.
You worshipped Lugonu.
Lugonu was most pleased with you.
You had grown temporary talons.
You visited 1 branch of the dungeon, and saw 6 of its levels.
You visited the Abyss 1 time.
You also visited: Sewer.

You collected 261 gold pieces.

Inventory:

Hand Weapons
 a - a +1 spear
 d - a cursed +0 scythe
 n - a +0 trident (weapon)
 p - a +2 short sword of distortion
Armour
 b - a +0 leather armour (worn)
 e - a +2 chain mail of poison resistance
 h - a +0 pair of gloves (worn)
 j - a +0 ring mail
 s - a +0 pair of boots (melded)
 t - a +0 robe
Wands
 u - a wand of paralysis (7)
 x - a wand of polymorph (5)
Scrolls
 c - 7 scrolls of teleportation
 f - a scroll of magic mapping
 g - 3 scrolls of amnesia
 i - 3 scrolls of identify
 k - 2 scrolls of enchant armour
 l - a scroll of enchant weapon
 o - a scroll of remove curse {unknown}
 r - a scroll of blinking
 v - 2 scrolls of fog
Potions
 m - a potion of might
 q - a potion of magic
 w - a potion of brilliance


   Skills:
 - Level 4.4 Fighting
 - Level 3.7 Polearms
 - Level 3.2 Armour
 - Level 2.4 Dodging
 + Level 5.7 Transmutations
 - Level 2.4 Invocations


You had 3 spell levels left.
You knew the following spells:

 Your Spells              Type           Power        Failure   Level
a - Beastly Appendage     Tmut           34%          3%          1
b - Wereblood             Tmut           17%          4%          2

Your spell library contained the following spells:

 Spells                   Type           Power        Failure   Level
 Spider Form              Tmut/Pois      4%           32%         3
 Corona                   Hex            0%           34%         1
 Slow                     Hex            0%           45%         2
 Inner Flame              Hex/Fire       0%           71%         3
 Portal Projectile        Hex/Tloc       0%           71%         3
 Blade Hands              Tmut           8%           65%         5
 Ice Form                 Ice/Tmut       8%           71%         4
 Cause Fear               Hex            0%           98%         4
 Leda's Liquefaction      Hex/Erth       0%           98%         4


Dungeon Overview and Level Annotations

Branches:
Dungeon (6/15)             Temple (0/1) D:5           Sewer (visited)

Altars:
Qazlal


Innate Abilities, Weirdness & Mutations

You have a pair of horns on your head.
You are partially covered in yellow scales. (AC +2)
Your flesh is heat resistant. (rF+)
You have razor-sharp toenails.


Message History

Your headbutt misses the water moccasin.
The water moccasin is severely wounded.
You feel sick. The water moccasin bites you.
You are lethally poisoned!
The water moccasin poisons you!
You miss the water moccasin. You claw the water moccasin.
Your headbutt misses the water moccasin.
The water moccasin is severely wounded.
* * * LOW HITPOINT WARNING * * *
You feel sick. The water moccasin bites you.
* * * LOW HITPOINT WARNING * * *
You are more poisoned.
The water moccasin poisons you!
The water moccasin bites you but does no damage.
You closely miss the water moccasin.
The water moccasin is severely wounded.
* * * LOW HITPOINT WARNING * * *
You feel very sick. The water moccasin bites you!
You die...

.###########.##
.............$#
......S@.#
########$# #.#
#.# #.# #.# #.#
#####.# #...<.#


You could see a water moccasin.

Vanquished Creatures
  Sigmund (D:2)
  Menkaure (D:4)
  A phantom (D:5)
  An ogre (D:4)
  A centaur (D:5)
  A hound (D:5)
  2 orc priests (D:5)
  An iguana (D:4)
  3 worker ants
  11 adders
  2 river rats (Sewer)
  2 shadow imps (D:5)
  A white imp (D:4)
  3 oozes (Sewer)
  A worm (Sewer)
  A dart slug (D:1)
  8 leopard geckos
  5 orcs
  8 bats
  7 giant cockroaches
  A hobgoblin (D:1)
  7 jackals
  2 quokkas
  4 ball pythons (Sewer)
  6 frilled lizards
  7 goblins
  A jackal skeleton (D:4)
  17 kobolds
  10 rats
116 creatures vanquished.

Notes
Turn   | Place    | Note
-------+----------+-------------------------------------------
     0 | Abyss:1  | jimeh the Demonspawn Abyssal Knight began the quest for the
                  | Orb.
     0 | Abyss:1  | Reached XP level 1. HP: 18/18 MP: 2/2
    78 | Abyss:1  | Found a corrupted altar of Lugonu.
   101 | Abyss:1  | Noticed an orange demon
   117 | D:1      | Escaped the Abyss
   250 | D:1      | Gained mutation: You have a pair of small horns on your
                  | head. [demonic ancestry]
   250 | D:1      | Reached XP level 2. HP: 9/24 MP: 3/3
   602 | D:1      | Reached skill level 1 in Dodging
   943 | D:2      | Gained mutation: You are partially covered in yellow
                  | scales. (AC +2) [demonic ancestry]
   943 | D:2      | Reached XP level 3. HP: 30/30 MP: 4/4
   958 | D:2      | Reached ** piety under Lugonu
  1161 | D:2      | Noticed Sigmund
  1189 | D:2      | Killed Sigmund
  1190 | D:2      | Gained mutation: Your flesh is heat resistant. (rF+)
                  | [demonic ancestry]
  1190 | D:2      | Reached XP level 4. HP: 11/37 MP: 5/5
  1190 | D:2      | Reached XP level 5. HP: 13/42 MP: 6/6
  2126 | D:3      | Found a glowing drain.
  2168 | D:3      | Gained mutation: You have a pair of horns on your head.
                  | [demonic ancestry]
  2168 | D:3      | Reached XP level 6. HP: 47/49 MP: 7/7
  2179 | Sewer    | Entered a sewer
  2329 | Sewer    | Reached *** piety under Lugonu
  2934 | D:3      | Learned a level 1 spell: Beastly Appendage
  3352 | D:4      | Noticed Menkaure
  3359 | D:4      | Reached skill level 1 in Transmutations
  3365 | D:4      | Killed Menkaure
  3366 | D:4      | Reached skill level 2 in Transmutations
  3606 | D:4      | Reached skill level 3 in Transmutations
  3614 | D:4      | Learned a level 2 spell: Wereblood
  3637 | D:4      | Reached XP level 7. HP: 18/55 MP: 6/8
  3868 | D:4      | Found a stormy altar of Qazlal.
  4106 | D:4      | Reached skill level 4 in Transmutations
  4408 | D:5      | Entered Level 5 of the Dungeon
  5179 | D:5      | Reached skill level 5 in Transmutations
  5214 | D:5      | HP: 1/55 [orc priest/divine providence (9)]
  5854 | D:5      | Found a staircase to the Ecumenical Temple.
  6068 | D:6      | Slain by a water moccasin

Illustrated notes

Levels and vault maps discovered:
D:1:      eino_arrival_cavern_a, layout_rooms
D:2:      layout_loops_ring, hangedman_abyss_or_decor_stabs,
          mrwooster_statue_mirror, minmay_tetromino_s4, uniq_sigmund
D:3:      layout_basic, gup_sewer_entry_glass
D:4:      layout_gridville, nicolae_qazlal_eye_of_the_storm, uniq_menkaure
D:5:      layout_basic, minmay_temple_entry_hall, serial_park_tiny_2
D:6:      layout_loops_ring, lemuel_crystal_altar, tgw_sif

Skill      XL: |  1  2  3  4  5  6  7 |
---------------+----------------------+-----
Polearms       | 2 3 |  3.7
Armour         | 2 3 |  3.2
Dodging        | 1 2 |  2.4
Fighting       | 4 |  4.4
Transmutations | 3 5 |  5.7
Invocations    | |  2.4

Action                   |  1- 3 |  4- 6 |  7- 9 || total
-------------------------+-------+-------+-------++-------
Melee: Spear             |   125 |   241 |    90 ||   456
       Headbutt          |     8 |    28 |    17 ||    53
       Kick              |       |     4 |    23 ||    27
       Trident           |       |       |    28 ||    28
 Cast: Beastly Appendage |       |     3 |    20 ||    23
Invok: Bend Space        |       |       |     1 ||     1
  Use: Potion            |     4 |       |     7 ||    11
       Scroll            |       |       |     7 ||     7
Armor: Leather armour    |    20 |       |     7 ||    27
       Ring mail         |    27 |    11 |       ||    38
       Chain mail        |       |   114 |       ||   114
       Robe              |       |    12 |    19 ||    31
Dodge: Dodged            |    91 |    96 |    95 ||   282
